 Seeded DCSS version 0.31-a0-667-g39726597b9 (webtiles) character file.

Game seed: 8226958467842168542 (custom seed)

109 demibob the Slasher (level 4, 18/39 HPs)
             Began as a Minotaur Chaos Knight on Sept 3, 2023.
             Was a Plaything of Xom.
             Quit the game on level 3 of the Dungeon.
             The game lasted 00:02:17 (1354 turns).

demibob the Slasher (Minotaur Chaos Knight)         Turns: 1354, Time: 00:02:18

Health: 18/39      AC:  9    Str: 16    XL:     4   Next: 60%
Magic:  3/3        EV: 11    Int:  9    God:    Xom [..*...]
Gold:   1134       SH:  0    Dex: 12    Spells: 3/3 levels left

rFire   + . .        a - +0 falchion (chaos)
rCold   + . .        (no shield)
rNeg    . . .        b - +2 leather armour
rPois   .            (helmet restricted)
rElec   .            (no cloak)
rCorr   .            (no gloves)
SInv    .            (no boots)
Will    ++...        (no amulet)
Stlth   +            f - ring of the Hairy God {rF+ rC+ Will++ AC+4}
HPRegen 0.26/turn    (no ring)
MPRegen 0.08/turn

%: no passive effects
@: lethally poisoned (18 -> -3)
A: horns 2, retaliatory headbutt
a: Renounce Religion


You were on level 3 of the Dungeon.
You worshipped Xom.
You were a toy of Xom.
You visited 1 branch of the dungeon, and saw 3 of its levels.

You collected 1134 gold pieces.


Innate Abilities, Weirdness & Mutations

You have a pair of horns on your head.
You reflexively headbutt those who attack you in melee.


   Skills:
 - Level 3.6 Fighting
 + Level 6.5 Long Blades
 - Level 2.4 Armour
 - Level 1.1 Dodging


You had 3 spell levels left.
You didn't know any spells.
Your spell library contained the following spells:

 Spells                   Type           Power      Damage    Failure   Level
 Sandblast                Erth           0%         2d4       43%         1
 Passwall                 Tmut/Erth      0%         N/A       58%         2
 Hailstorm                Conj/Ice       0%         3d3       82%         3
 Stone Arrow              Conj/Erth      0%         3d7       82%         3
 Summon Ice Beast         Ice/Summ       0%         N/A       99%         4
 Simulacrum               Ice/Necr       0%         N/A       100%        6

Inventory:

Hand Weapons
 a - a +0 falchion of chaos (weapon)
Armour
 b - a +2 leather armour (worn)
Magical Staves
 l - a staff of earth {!a}
Jewellery
 f - the ring of the Hairy God (left hand) {rF+ rC+ Will++ AC+4}
   (You acquired it on level 3 of the Dungeon)

   [ring of protection]

   AC+4:      It affects your AC (+4).
   rF+:       It protects you from fire.
   rC+:       It protects you from cold.
   Will++:    It greatly increases your willpower.
Scrolls
 c - a scroll of butterflies
 e - a scroll of blinking {unknown}
 g - a scroll of teleportation {unknown}
 i - 3 scrolls of identify {unknown}
 j - 2 scrolls of amnesia {unknown}
Potions
 h - a potion of mutation {unknown}
 k - a potion of lignification {unknown}

Dungeon Overview and Level Annotations

Branches:
Dungeon (3/15)

Altars:

#..........########.###
#.......o..# #......
#.....$....# #.#.###
#...o......# #.#.#
######.o# #.#.#
...!....# #.#.#
#######.# ###.#.#
#.##########...#.#
#oo@...........#.#
########.##.#.##
........#.##.#
######..##.#.#
##.#.##.# #......#
###.#.....# #.#.#######
#.#.#......


You could see an orc priest and an orc.


Message History

The orc closely misses you.
You see here a +0 short sword.
You completely miss the orc priest. You headbutt the orc priest.
The orc priest is moderately wounded.
The orc priest hits you but does no damage.
You are poisoned.
The orc hits you from afar with a +0 trident of protection.
You closely miss the orc priest. Your headbutt misses the orc priest.
The orc priest is moderately wounded.
You feel very sick.
The orc priest hits you with a +2 dagger of venom.
You are more poisoned.
The orc hits you from afar with a +0 trident of protection.
It was a potion of heal wounds.
You feel much better.
You feel very sick.
The orc priest hits you with a +2 dagger of venom.
You are more poisoned.
The orc barely misses you.
You closely miss the orc priest.
The orc priest is moderately wounded.
You feel very sick.
The orc priest casts a cantrip, but nothing happens.
The orc hits you from afar with a +0 trident of protection.
You barely miss the orc priest.
The orc priest is moderately wounded.
You feel very sick.
The orc priest hits you but does no damage.
You are lethally poisoned!
The orc barely misses you.
Are you sure you want to abandon this character and quit the game? (Confirm with "yes".)

Skill      XL: |  1  2  3 |
---------------+----------+-----
Long Blades    | 4 5 6 |  6.5
Fighting       | |  3.6
Armour         | |  2.4
Dodging        | |  1.1

Action                     |  1- 3 |  4- 6 || total
---------------------------+-------+-------++-------
  Melee: Falchion          |    91 |    60 ||   151
         Headbutt          |    10 |     9 ||    19
    Use: Potion            |     2 |     2 ||     4
         Scroll            |       |     2 ||     2
 Armour: Leather armour    |    80 |    46 ||   126
  Dodge: Dodged            |    62 |    39 ||   101

Levels and vault maps discovered:
D:1:      psy_arrival_statuary, layout_rooms
D:2:      layout_basic, uniq_robin
D:3:      layout_basic, minmay_misc_feat_tiny, corexii_leaking_fountain,
          uniq_jessica, uniq_crazy_yiuf_cottage

Notes
Turn   | Place    | Note
-------+----------+-------------------------------------------
     0 | D:1      | demibob the Minotaur Chaos Knight began the quest for the
                  | Orb.
     0 | D:1      | Reached XP level 1. HP: 19/19 MP: 0/0
    91 | D:1      | Reached skill level 4 in Long Blades
    91 | D:1      | Reached XP level 2. HP: 20/26 MP: 1/1
   159 | D:1      | Reached skill level 5 in Long Blades
   183 | D:1      | Reached XP level 3. HP: 28/31 MP: 2/2
   537 | D:2      | XOM: silly message
   557 | D:2      | Noticed Robin
   587 | D:2      | Killed Robin
   664 | D:2      | XOM: silly message
   747 | D:2      | Reached skill level 6 in Long Blades
   747 | D:2      | Reached XP level 4. HP: 36/39 MP: 3/3
   998 | D:2      | XOM: silly message
  1240 | D:2      | You fall into a shaft and drop 1 floor!
  1241 | D:3      | Identified 2 scrolls of acquirement
  1241 | D:3      | Acquired the ring of the Hairy God {rF+ rC+ Will++ AC+4}
  1242 | D:3      | Acquired 1020 gold pieces
  1354 | D:3      | Quit the game

Vanquished Creatures
  Robin (D:2)
  2 adders (D:2)
  A gnoll (D:1)
  2 worms (D:2)
  An orc (D:3)
  6 ball pythons
  2 bats (D:1)
  4 endoplasms
  14 goblins
  6 hobgoblins
  7 jackals
  3 quokkas
  A frilled lizard (D:2)
  2 kobolds (D:1)
  8 rats
60 creatures vanquished.

Table legend: (Time is in decaauts)
 A = Elapsed time spent in this place.
 B = Non-inter-level travel time spent in this place.
 C = Inter-level travel time spent in this place.
 D = Time resting spent in this place.
 E = Time spent auto-exploring this place.
 F = Levels seen in this place.
 G = Mean time per level.
                   A        B        C        D        E       F      G
               +--------+--------+--------+--------+--------+-----+--------+
         Total |   1357 |   1349 |      8 |      0 |   1055 |   3 |  452.3 |
       Dungeon |   1357 |   1349 |      8 |      0 |   1055 |   3 |  452.3 |
               +--------+--------+--------+--------+--------+-----+--------+

Top non-repeatable levels by time:
     D:2: 823 daAuts
     D:1: 420 daAuts
     D:3: 113 daAuts

Table legend:
 A = Non-vault XP
 B = Vault XP
 C = Vault XP percentage of total XP
 D = Non-vault monster count
 E = Vault monster count
 F = Vault count percentage of total count
                 A         B        C        D         E       F
            +---------+---------+-------+---------+---------+-------
      Total |     123 |      34 |  21.7 |      48 |      12 |  20.0
            +---------+---------+-------+---------+---------+-------
        D:1 |      56 |       0 |   0.0 |      26 |       0 |   0.0
        D:2 |      63 |      34 |  35.1 |      20 |      12 |  37.5
        D:3 |       4 |       0 |   0.0 |       2 |       0 |   0.0
            +---------+---------+-------+---------+---------+-------
